 Dungeon Crawl Stone Soup version 0.28.0-45-g0d030f2227 (webtiles) character file.

Game seed: 11470444173250803719

7394 Naeght the Nimble (level 11, 0/89 HPs)
             Began as a Merfolk Gladiator on Apr 18, 2022.
             Slain by an orc warlord
             ... wielding a +0 glaive
              (25 damage)
             ... in a bailey.
             The game lasted 00:43:23 (10564 turns).

Naeght the Nimble (Merfolk Gladiator)              Turns: 10564, Time: 00:43:24

Health: 0/89       AC:  6    Str: 26    XL:     11   Next: 14%
Magic:  16/20      EV: 18    Int: 12    God:
Gold:   488        SH:  0    Dex: 15    Spells: 19/22 levels left

rFire   + + +      SeeInvis .   b - +8 great sword "Vyn Duas" {speed, Fragile rF+++ Str+4}
rCold   . . .      Faith    .   (shield currently unavailable)
rNeg    . . .      Spirit   .   q - +3 robe "Muuxougo" {Will+}
rPois   +          Reflect  .   B - +1 hat
rElec   .          Harm     .   s - scarf {repulsion}
rCorr   .          Rampage  .   (no gloves)
Will    +....                   (no boots)
Stlth   +.........              r - amulet "Erropuf" {Acrobat Fragile rPois Str+7}
HPRegen 0.24/turn               k - ring of flight
MPRegen 0.17/turn               (no ring)

@: flying, repel missiles
A: (nimble swimmer 2), mertail
a: no special abilities


You were in a bailey.
You visited 1 branch of the dungeon, and saw 8 of its levels.
You also visited: Bailey.

You collected 715 gold pieces.
You spent 227 gold pieces at shops.

Inventory:

Hand Weapons
 a - a +0 trident
 b - the +8 great sword "Vyn Duas" (weapon) {speed, Fragile rF+++ Str+4}
   (You found it on level 2 of the Dungeon)

   Attacks with this weapon are significantly faster.
   Str:       It affects your strength (+4).
   rF:        It renders you almost immune to fire.
   Fragile:   It will be destroyed if unequipped.
Missiles
 d - 4 throwing nets
 h - 266 stones (quivered)
Armour
 g - a +0 buckler
 q - the +3 robe "Muuxougo" (worn) {Will+}
   (You found it on level 3 of the Dungeon)

   Will:      It increases your willpower.
 s - a scarf of repulsion (worn)
 B - a +1 hat (worn)
Jewellery
 k - a ring of flight (left hand)
 r - the amulet "Erropuf" (around neck) {Acrobat Fragile rPois Str+7}
   (You acquired it on level 5 of the Dungeon)

   [amulet of the acrobat]

   It increases your evasion while moving and waiting.
   Str:       It affects your strength (+7).
   rPois:     It protects you from poison.
   Fragile:   It will be destroyed if unequipped.
 x - a ring of resist corrosion
Wands
 y - a wand of paralysis (6)
 A - a wand of acid (14)
Scrolls
 c - a scroll of magic mapping {unknown}
 i - a scroll of fear
 j - a scroll of blinking
 l - a scroll of silence
 v - a scroll of torment
 z - a scroll of enchant armour
 C - 2 scrolls of fog {unknown}
 D - a scroll of acquirement
Potions
 e - 2 potions of attraction {unknown}
 f - 7 potions of heal wounds
 m - a potion of berserk rage {unknown}
 o - a potion of haste {unknown}
 p - a potion of mutation {unknown}
 t - a potion of lignification
 u - a potion of resistance
 w - a potion of flight {unknown}
Miscellaneous
 n - a phial of floods


   Skills:
 + Level 9.0 Fighting
 + Level 8.7 Long Blades
 - Level 7.0 Polearms
 - Level 2.0 Throwing
 + Level 11.1 Dodging
 + Level 6.0 Spellcasting
 + Level 5.0 Hexes
 - Level 2.9 Ice Magic


You had 19 spell levels left.
You knew the following spells:

 Your Spells              Type           Power      Damage    Failure   Level
b - Ensorcelled Hibernat  Hex/Ice        26%        N/A       5%          2
c - Slow                  Hex            60%        N/A       2%          1

Your spell library contained the following spells:

 Spells                   Type           Power      Damage    Failure   Level
 Confusing Touch          Hex            15%        N/A       7%          3
 Animate Skeleton         Necr           6%         N/A       19%         1
 Pain                     Necr           12%        1d4       19%         1
 Dazzling Flash           Conj/Hex       18%        N/A       19%         3
 Sublimation of Blood     Necr           3%         N/A       26%         2
 Conjure Flame            Conj/Fire      3%         6-21      47%         3
 Gell's Gravitas          Tloc           3%         N/A       47%         3
 Ignite Poison            Fire/Tmut/Pois 3%         N/A       47%         3
 Lesser Beckoning         Tloc           3%         N/A       47%         3
 Spider Form              Tmut/Pois      3%         N/A       47%         3
 Teleport Other           Tloc           3%         N/A       47%         3
 Vampiric Draining        Necr           3%         2d6       47%         3
 Anguish                  Hex/Necr       4%         N/A       54%         4
 Iskenderun's Mystic Bla  Conj/Tloc      3%         2d3       87%         4
 Petrify                  Tmut/Erth      3%         N/A       87%         4
 Sticky Flame             Conj/Fire      3%         2d3       87%         4
 Irradiate                Conj/Tmut      1%         3d13      99%         5
 Starburst                Conj/Fire      1%         6d3       100%        6


Dungeon Overview and Level Annotations

Branches:
Dungeon (8/15)             Temple (0/1) D:7          Bailey (1/1)
   Lair: D:8-11

Altars:
Elyvilon
Gozag
Hepliaklqana
Qazlal
Vehumet

Shops:
D:3 =   D:7 [(

Annotations:
D:6 1 exclusion


Innate Abilities, Weirdness & Mutations

((You are very nimble when in or above water. (Stealth+, EV+, Speed+++)))
Your lower body shifts to a powerful aquatic tail in water.


Message History

Confirm with . or Enter, or press ? or * to list all spells.
Aiming: Slow (safe; 2% risk of failure)
Press: ? - help, Shift-Dir - straight line, f/p - orc warlord
Aim: an orc warlord, wielding a +0 glaive and wearing a +1 plate armour of poison resistance (chance to affect: 21%)
The orc warlord resists with almost no effort.
Casting: Slow (safe; 2% risk of failure)
Confirm with . or Enter, or press ? or * to list all spells.
Aiming: Slow (safe; 2% risk of failure)
Press: ? - help, Shift-Dir - straight line, f/p - orc warlord
Aim: an orc warlord, wielding a +0 glaive and wearing a +1 plate armour of poison resistance (chance to affect: 21%)
The orc warlord seems to slow down.
Casting: Slow (safe; 2% risk of failure)
Confirm with . or Enter, or press ? or * to list all spells.
Aiming: Slow (safe; 2% risk of failure)
Press: ? - help, Shift-Dir - straight line, f/p - orc warlord
Aim: an orc warlord, wielding a +0 glaive and wearing a +1 plate armour of poison resistance (slow, chance to affect: 21%)
The orc warlord seems to slow down.
An orc comes into view. It is wielding a +0 hand axe.
Things that are here:
a +0 war axe; a +0 scale mail You barely miss the orc warlord.
The orc warlord closely misses you.
You slash the orc warlord!
The orc warlord is lightly wounded.
The orc warlord closely misses you.
You slash the orc warlord!
The orc warlord is lightly wounded.
You slice the orc warlord!!
The orc warlord is moderately wounded.
The orc warlord hits you with a +0 glaive!!
You slash the orc warlord!
The orc warlord is heavily wounded.
You barely miss the orc warlord.
The orc warlord is heavily wounded.
The orc warlord hits you with a +0 glaive!!!
The orc hits you with a +0 hand axe.
* * * LOW HITPOINT WARNING * * *
You barely miss the orc warlord.
The orc warlord is heavily wounded.
The orc warlord hits you with a +0 glaive!!
You die...

### ### ###.### ###.###
###.....### ###.....##
##.........###.........
#...........#..........
#..........))).........
#.....⌠.....#.).))⌠....
#......o....#..)).))...
#.....@o....#......)...
♣♣♣
###[[.......###.........
).♣♣♣ ###.#'#.....###
###.....#'
).♣.♣###...[[###.###
###.###.
.)..##.........### ### .
.)..#...........#
.)..'...........#
.∩..')....⌠)....#
....'...........#


You could see an orc warlord (slow) and an orc (strong).

Vanquished Creatures
  The ghost of Icepheonix32 the Protected, a novice DsFi (D:7)
  An ugly thing (D:6)
  Pikel (D:4)
  An orc knight (Bailey)
  A troll (D:6)
  Grinder (D:6)
  Prince Ribbit (D:6)
  A wraith (D:6)
  Sigmund (D:2)
  2 steam dragons
  A yak (D:6)
  14 orc warriors
  An ice beast (D:7)
  A sky beast (D:5)
  2 black bears (D:4)
  A hornet zombie (D:7)
  A necrophage (D:5)
  5 ogres
  A centaur (D:7)
  A kobold brigand (D:8)
  3 bullfrogs (D:6)
  A gnoll sergeant (D:5)
  2 scorpions
  A wyvern zombie (D:5)
  A water moccasin zombie (D:5)
  4 killer bees
  A howler monkey (D:4)
  A hound (D:4)
  A bullfrog zombie (D:6)
  2 centaur zombies
  4 orc priests
  A gnoll shaman (D:7)
  4 bullfrog skeletons
  A centaur skeleton (D:6)
  8 orc wizards
  5 iguanas
  Robin (D:2)
  4 adders
  15 gnolls
  An ufetubus (D:5)
  3 dart slugs
  32 orcs
  4 endoplasms
  3 giant cockroaches
  28 goblins
  23 hobgoblins
  6 jackals
  3 quokkas
  4 ball pythons
  2 bats
  4 frilled lizards
  8 kobolds
  6 rats
226 creatures vanquished.

Notes
Turn   | Place    | Note
-------+----------+-------------------------------------------
     0 | D:1      | Naeght the Merfolk Gladiator began the quest for the Orb.
     0 | D:1      | Reached XP level 1. HP: 16/16 MP: 1/1
   159 | D:1      | Reached skill level 5 in Polearms
   305 | D:1      | Found a faded altar of an unknown god.
   352 | D:1      | Reached XP level 2. HP: 22/22 MP: 2/2
   760 | D:1      | Reached XP level 3. HP: 24/27 MP: 3/3
  1104 | D:2      | Noticed Robin
  1131 | D:2      | HP: 1/27 [goblin/+0 club[Robin] (5)]
  1528 | D:2      | Killed Robin
  1665 | D:2      | Noticed Sigmund
  1733 | D:2      | Reached XP level 4. HP: 33/33 MP: 4/4
  1750 | D:2      | Identified the +8 great sword "Vyn Duas" {speed, Fragile
                  | rF+++ Str+4}
  1842 | D:2      | Killed Sigmund
  1843 | D:2      | Reached XP level 5. HP: 37/38 MP: 5/5
  2349 | D:2      | Reached XP level 6. HP: 42/44 MP: 6/6
  2695 | D:3      | Found Kuapamm's Jewellery Shop.
  2952 | D:4      | Reached skill level 5 in Dodging
  3149 | D:3      | Reached XP level 7. HP: 45/53 MP: 7/7
  3440 | D:3      | Identified the +3 robe "Muuxougo" {Will+}
  3834 | D:4      | Reached skill level 6 in Dodging
  3883 | D:4      | Learned a level 3 spell: Conjure Flame
  3886 | D:4      | Learned a level 2 spell: Ensorcelled Hibernation
  3963 | D:4      | Reached skill level 1 in Hexes
  3963 | D:4      | Reached skill level 1 in Ice Magic
  4027 | D:4      | Reached skill level 5 in Fighting
  4027 | D:4      | Reached skill level 1 in Spellcasting
  4028 | D:4      | Reached XP level 8. HP: 53/62 MP: 9/9
  4087 | D:4      | Noticed Pikel
  4095 | D:4      | Killed Pikel
  4096 | D:4      | Reached skill level 5 in Long Blades
  4096 | D:4      | Reached skill level 7 in Dodging
  4568 | D:4      | You fall into a shaft and drop 2 floors!
  4571 | D:5      | Entered Level 5 of the Dungeon
  5137 | D:5      | Learned a level 1 spell: Slow
  5227 | D:5      | Reached XP level 9. HP: 44/69 MP: 13/13
  5416 | D:5      | Found a white marble altar of Elyvilon.
  5458 | D:5      | Reached skill level 8 in Dodging
  6193 | D:6      | Identified the +0 ring mail of Raihiwes {rF+ Regen+ Int-2
                  | Stlth+}
  6269 | D:6      | Noticed a troll
  6278 | D:6      | Killed a troll
  6315 | D:6      | Noticed Prince Ribbit
  6324 | D:6      | Killed Prince Ribbit
  6397 | D:6      | Noticed Grinder
  6402 | D:6      | Killed Grinder
  6614 | D:6      | Found a stormy altar of Qazlal.
  6941 | D:5      | Identified a scroll of acquirement
  7020 | D:3      | Bought a ring of flight for 227 gold pieces
  7020 | D:3      | Acquired the amulet "Erropuf" {Acrobat Fragile rPois Str+7}
  7159 | D:5      | Reached skill level 9 in Dodging
  7328 | D:6      | Found a runed translucent gate.
  7328 | D:6      | Found a runed translucent gate.
  7329 | D:6      | Found a runed translucent gate.
  7329 | D:6      | Found an opulent altar of Gozag.
  7336 | D:6      | Noticed Icepheonix32's ghost (novice DsFi)
  7429 | D:6      | Reached XP level 10. HP: 56/79 MP: 16/16
  7688 | D:6      | Noticed a cyan ugly thing
  7698 | D:6      | Killed a cyan ugly thing
  7699 | D:6      | Reached skill level 5 in Hexes
  7827 | D:6      | Noticed a four-headed hydra
  8156 | D:7      | Killed Icepheonix32's ghost
  8157 | D:7      | Reached skill level 5 in Spellcasting
  8541 | D:7      | Reached skill level 10 in Dodging
  8618 | D:7      | Found a staircase to the Ecumenical Temple.
  8851 | D:7      | Found Wuvvis's Antique Weapon Boutique.
  8880 | D:7      | Found a hazy altar of Hepliaklqana.
  8880 | D:7      | Found a radiant altar of Vehumet.
  9078 | D:7      | Found Ninurta's Dragon-Slaying Spoils.
  9666 | D:8      | Found a flagged portal.
  9694 | Bailey   | Entered a bailey
  9860 | Bailey   | Noticed an orc knight
  9904 | Bailey   | Killed an orc knight
 10214 | Bailey   | Reached XP level 11. HP: 64/87 MP: 14/19
 10287 | Bailey   | Reached skill level 11 in Dodging
 10550 | Bailey   | Noticed an orc warlord
 10564 | Bailey   | Slain by an orc warlord

Illustrated notes

Levels and vault maps discovered:
D:1:      lightli_arrival_windingriver, layout_loops_corners,
          shapermc_ecumenical_altar_ellora
D:2:      layout_loops_corners, uniq_robin, uniq_sigmund
D:3:      cheibrodos_pilgrimage, layout_basic, serial_shops, shop
D:4:      layout_basic, uniq_pikel
D:5:      layout_loops_ring, nicolae_elyvilon_peaceful_grove,
          chequers_arboretum, solitary_fountain
D:6:      layout_loops_ring, grunt_qazlal_clouds, ebering_ghost_gozag,
          minmay_three_doors, uniq_prince_ribbit1, uniq_grinder
D:7:      layout_basic, gammafunk_temple_overflow_elements,
          minmay_temple_entry_slanted, serial_shops, shop_fountains,
          hangedman_decor_lopped, dk_vineyard_3, nicolae_shop_dragon_depot,
          hangedman_decor_opposing
D:8:      layout_basic, enter_bailey_3, special_room [special_room_orc],
          water_maze_lemuel
Bailey:   bailey_axe_minmay_hex_keep, bailey

Skill      XL: |  1  2  3  4  5  6  7  8  9 10 11 |
---------------+----------------------------------+-----
Polearms       | 5 6 7 |  7.0
Long Blades    | 4 5 6 8 |  8.7
Fighting       | 3 5 7 8 9 |  9.0
Dodging        | 5 6 7 9 10 11 | 11.1
Hexes          | 1 3 4 5 |  5.0
Ice Magic      | 1 2 |  2.9
Spellcasting   | 1 3 4 5 6 |  6.0
Throwing       | |  2.0

Action                   |  1- 3 |  4- 6 |  7- 9 | 10-12 || total
-------------------------+-------+-------+-------+-------++-------
Melee: Trident           |   130 |     8 |       |       ||   138
       Great sword       |       |    50 |   178 |   240 ||   468
Throw: Throwing net      |       |     2 |       |       ||     2
 Cast: Slow              |       |       |     4 |    51 ||    55
       Ensorcelled Hiber |       |       |     4 |     1 ||     5
  Use: Scroll            |       |       |    10 |     1 ||    11
       Potion            |       |       |       |     1 ||     1
 Stab: Sleeping          |     5 |     2 |     3 |       ||    10
Armor: Leather armour    |    28 |       |       |       ||    28
       Animal skin       |       |     9 |     1 |       ||    10
       Robe              |       |       |    26 |    25 ||    51
       Skin              |       |       |       |     4 ||     4
Dodge: Dodged            |    68 |    20 |    94 |   124 ||   306
       Repelled          |       |       |       |     1 ||     1
Block: Other             |       |     9 |    32 |       ||    41
